 Dungeon Crawl Stone Soup version 0.24-a0-441-g27f0392e16 (webtiles) character file.

Game seed: 15252366775448661397

102 Kuinu the Skirmisher (level 4, -2/61 HPs)
             Began as a Draconian Berserker on June 20, 2019.
             Was a Believer of Trog.
             Slain by an orc (5 damage)
             ... on level 3 of the Dungeon.
             The game lasted 00:02:52 (1737 turns).

Kuinu the Skirmisher (Draconian Berserker)          Turns: 1737, Time: 00:02:53

Health: -2/61      AC:  6    Str: 26    XL:     4   Next: 50%
Magic:  4/4        EV: 13    Int:  7    God:    Trog [**....]
Gold:   85         SH:  0    Dex: 10    Spells: 3/3 levels left

rFire    . . .     SeeInvis .   a - +0 falchion
rCold    . . .     Gourm    .   (no shield)
rNeg     . . .     Faith    .   (armour unavailable)
rPois    .         Spirit   .   g - +1 hat
rElec    .         Reflect  .   (no cloak)
rCorr    .         Harm     .   (no gloves)
MR       ++...                  (no boots)
Stlth    ..........             (no amulet)
HPRegen  1.20/turn              (no ring)
MPRegen  0.09/turn              (no ring)

@: berserking, regenerating, very quick
A: unfitting armour, cold-blooded, AC +5
a: Berserk, Trog's Hand, Renounce Religion


You were on level 3 of the Dungeon.
You worshipped Trog.
Trog was pleased with you.
You were hungry.

You visited 1 branch of the dungeon, and saw 3 of its levels.

You collected 85 gold pieces.

Inventory:

Hand Weapons
 a - a +0 falchion (weapon)
Armour
 g - a +1 hat (worn)
Scrolls
 c - a scroll of fear {unknown}
 d - 2 scrolls of remove curse
 e - a scroll of teleportation {unknown}
 f - 6 scrolls of identify {unknown}
 h - 3 scrolls of immolation {unknown}
Potions
 i - a potion of brilliance {unknown}
 j - a potion of heal wounds {unknown}
Comestibles
 b - 5 rations


   Skills:
 * Level 4.4 Fighting
 * Level 4.1 Long Blades
 + Level 3.2 Dodging


You had 3 spell levels left.
You didn't know any spells.
Your spell library was empty.

Dungeon Overview and Level Annotations

Branches:
Dungeon (3/15)

Altars:


Innate Abilities, Weirdness & Mutations

Your plain brown scales are hard. (AC +5)
You cannot fit into any form of body armour.
You are cold-blooded and may be slowed by cold attacks.


Message History

The orc hits you but does no damage.
You barely miss the orc. You tail-slap the orc.
You feel the power of Trog in you as your rage grows.
You kill the orc!
Trog accepts your kill. The orc closely misses you. The orc hits you.
* * * LOW HITPOINT WARNING * * *
You slash the orc priest!
The orc priest is severely wounded.
The orc closely misses you.
You riposte.
You hit the orc.
You kill the orc!
Trog accepts your kill. The orc priest barely misses you.
You riposte.
You closely miss the orc priest.
The orc priest is severely wounded.
You slash the orc priest!
You kill the orc priest!
Trog accepts your kill.
Your Long Blades skill increases to level 4!
The orc hits you.
You die...

.............##......
............## #....
............###>..#..
###............#..# #
...................
#######...#####...#
##....####.#..
####...#...#..# .
##o@..#...#.#.#
#....))....#.....####.
.....$....#...#........
.....#......#........##
.....####......<......#
.... #...............
... #...............
### #.:.............
#...............


You could see an orc.

Vanquished Creatures
  An orc priest (D:3)
  An adder (D:3)
  An ooze (D:1)
  A worm (D:2)
  3 dart slugs (D:1)
  2 orcs (D:3)
  2 ball pythons
  A bat (D:3)
  5 giant cockroaches
  3 goblins (D:1)
  5 hobgoblins
  9 jackals (D:1)
  A frilled lizard (D:1)
  8 kobolds
  A rat (D:1)
44 creatures vanquished.

Notes
Turn   | Place    | Note
-------+----------+-------------------------------------------
     0 | D:1      | Kuinu the Draconian Berserker began the quest for the Orb.
     0 | D:1      | Reached XP level 1. HP: 19/19 MP: 1/1
    64 | D:1      | Reached XP level 2. HP: 19/26 MP: 2/2
   211 | D:1      | Reached XP level 3. HP: 13/33 MP: 3/3
   406 | D:1      | Reached ** piety under Trog
  1704 | D:3      | Reached XP level 4. HP: 40/40 MP: 4/4
  1735 | D:3      | HP: 1/60 [orc (4)]
  1737 | D:3      | Slain by an orc

Levels and vault maps discovered:
D:1:      lightli_arrival_lavapool, layout_rooms, roderic_roman_lattice,
          minmay_door_square, chequers_garden
D:2:      layout_basic, first_ration
D:3:      layout_rooms, hex_tiny

Skill      XL: |  1  2  3  4 |
---------------+-------------+-----
Dodging        | 3 |  3.2
Fighting       | 4 |  4.4
Long Blades    | 4 |  4.1

Action                   |  1- 3 |  4- 6 || total
-------------------------+-------+-------++-------
Melee: Falchion          |   100 |    11 ||   111
       Tailslap          |    12 |     3 ||    15
Invok: Berserk           |     2 |     1 ||     3
       Trog's Hand       |       |     1 ||     1
  Use: Scroll            |     1 |       ||     1
 Stab: Sleeping          |     1 |       ||     1
  Eat: Chunk             |     4 |     1 ||     5
Armor: Skin              |    31 |     1 ||    32
Dodge: Dodged            |    79 |    14 ||    93
       Rpst.: Falchion   |    35 |     5 ||    40

Table legend:
 A = Non-vault XP
 B = Vault XP
 C = Vault XP percentage of total XP
 D = Non-vault monster count
 E = Vault monster count
 F = Vault count percentage of total count
                 A         B        C        D         E       F
            +---------+---------+-------+---------+---------+-------
      Total |     147 |       0 |   0.0 |      44 |       0 |   0.0
            +---------+---------+-------+---------+---------+-------
        D:1 |      68 |       0 |   0.0 |      31 |       0 |   0.0
        D:2 |      10 |       0 |   0.0 |       4 |       0 |   0.0
        D:3 |      69 |       0 |   0.0 |       9 |       0 |   0.0
            +---------+---------+-------+---------+---------+-------
